 Dungeon Crawl Stone Soup version 0.27-a0-1081-ge8a0a9c698 (webtiles) character file.

Game seed: 14264827083629494780

799 tardwrangler69 the Digger (level 7, 0/41 HPs)
             Began as an Octopode Earth Elementalist on Apr 25, 2021.
             Was an Initiate of Gozag.
             Slain by Maggie
             ... wielding a +0 scimitar
              (16 damage)
             ... on level 6 of the Dungeon.
             The game lasted 00:05:33 (6986 turns).

tardwrangler69 the Digger (OpEE)                    Turns: 6986, Time: 00:05:33

Health: 0/41       AC:  1    Str:  4    XL:     7   Next: 90%
Magic:  10/14      EV: 13    Int: 23    God:    Gozag
Gold:   141        SH:  0    Dex: 12    Spells: 14/15 levels left

rFire    . . .     SeeInvis .   x - +6 long sword "Eviscerator" {protect, +Rage rPois Str-4 Int+4}
rCold    . . .     Faith    .   (no shield)
rNeg     . . .     Spirit   .   (helmet restricted)
rPois    +         Reflect  .   q - amulet of the acrobat
rElec    .         Harm     .   (no ring)
rCorr    .         Rampage  .   (no ring)
Will     .....                  (no ring)
Stlth    +++.......             (no ring)
HPRegen  0.13/turn              (no ring)
MPRegen  0.14/turn              (no ring)
                                (no ring)
                                (no ring)

@: no status effects
A: almost no armour, amphibious, 8 rings, camouflage 1, gelatinous body 1,
(nimble swimmer 1), tentacles
a: Renounce Religion, Evoke Berserk Rage, Potion Petition, Call Merchant, Bribe
Branch


You were on level 6 of the Dungeon.
You worshipped Gozag.
Gozag was aware of your devotion.
You visited 2 branches of the dungeon, and saw 7 of its levels.

You collected 208 gold pieces.
You paid 67 gold pieces to Gozag.

Inventory:

Hand Weapons
 m - a +1 dagger of draining
 o - a +2 vampiric whip
 x - the +6 long sword "Eviscerator" (weapon) {protect, +Rage rPois Str-4 Int+4}
   (You found it on level 5 of the Dungeon)

   It grants its wielder temporary protection when it strikes (+7 to AC).
   It affects your strength (-4).
   It affects your intelligence (+4).
   It protects you from poison.
   It lets you go berserk.
Missiles
 b - 62 stones
 r - 2 throwing nets
Magical Staves
 g - a staff of conjuration
Jewellery
 e - a ring of protection from cold
 q - an amulet of the acrobat (around mantle)
Wands
 w - a wand of paralysis (6)
Scrolls
 a - a scroll of noise {unknown}
 c - 2 scrolls of amnesia {unknown}
 d - 2 scrolls of immolation {unknown}
 j - a scroll of enchant armour {unknown}
 p - a scroll of blinking {unknown}
 s - a scroll of magic mapping {unknown}
 t - 4 scrolls of identify {unknown}
 u - 2 scrolls of teleportation {unknown}
 v - 2 scrolls of acquirement {unknown}
Potions
 f - 3 potions of heal wounds {unknown}
 h - 5 potions of might {unknown}
 i - a potion of lignification {unknown}
 k - 5 potions of curing {unknown}
 l - a potion of degeneration {unknown}
 n - a potion of magic {unknown}
 z - a potion of haste {unknown}
 A - a potion of invisibility {unknown}


   Skills:
 - Level 2.0 Dodging
 - Level 2.6 Stealth
 + Level 4.8 Spellcasting
 - Level 1.0 Transmutations
 * Level 7.6 Earth Magic


You had 14 spell levels left.
You knew the following spells:

 Your Spells              Type           Power      Damage    Failure   Level
a - Sandblast             Erth           80%        2d17      1%          1

Your spell library contained the following spells:

 Spells                   Type           Power      Damage    Failure   Level
 Passwall                 Tmut/Erth      20%        N/A       2%          2
 Stone Arrow              Conj/Erth      46%        3d9       6%          3
 Lee's Rapid Deconstruct  Erth           20%        3d13*     12%         5
 Petrify                  Tmut/Erth      25%        N/A       16%         4


Dungeon Overview and Level Annotations

Branches:
Dungeon (6/15)             Temple (1/1) D:6

Altars:
Ashenzari
Cheibriados
Dithmenos
Elyvilon
Fedhas
Gozag
Hepliaklqana
Makhleb
Nemelex Xobeh
Okawaru
Qazlal
Sif Muna
Trog
Uskayaw
Vehumet
Wu Jian
Xom
Yredelemnul
Zin

Shops:
D:2 *   D:4 *

Annotations:
D:6 Maggie


Innate Abilities, Weirdness & Mutations

You cannot wear most types of armour.
You are amphibious.
You can wear up to eight rings at the same time.
Your skin changes colour to match your surroundings (Stealth+).
Your rubbery body absorbs attacks. (AC +1, EV +1)
((You are camouflaged near water. (Stealth+)))
You have tentacles for arms and can constrict up to eight enemies at once.


Message History

You now have 141 gold pieces (gained 7).
Found a club.
Maggie the Vainglorious comes into view.
She is wielding a +0 scimitar.
You see here a scroll labelled MYCSIL HU YFURR.
Maggie is nearby!
Maggie is nearby!
Maggie is nearby!
Maggie casts a spell at you. The bolt of fire hits you!!
Ouch! That really hurt!
Casting: Sandblast (safe; 1% risk of failure)
Confirm with . or Enter, or press ? or * to list all spells.
Aiming: Sandblast (safe; 1% risk of failure)
Press: ? - help, Shift-Dir - straight line, f - Maggie
Aim: Maggie, wielding a +0 scimitar and wearing +0 steam dragon scales (83% to hit)
The blast of sand misses Maggie.
Maggie gestures at you while chanting. The bolt of fire misses you.
Casting: Sandblast (safe; 1% risk of failure)
Confirm with . or Enter, or press ? or * to list all spells.
Aiming: Sandblast (safe; 1% risk of failure)
Press: ? - help, Shift-Dir - straight line, f/p - Maggie
Aim: Maggie, wielding a +0 scimitar and wearing +0 steam dragon scales (83% to hit)
The blast of sand hits Maggie!
Maggie is lightly wounded.
Casting: Sandblast (safe; 1% risk of failure)
Confirm with . or Enter, or press ? or * to list all spells.
Aiming: Sandblast (safe; 1% risk of failure)
Press: ? - help, Shift-Dir - straight line, f/p - Maggie
Aim: Maggie, wielding a +0 scimitar and wearing +0 steam dragon scales (lightly wounded, 83% to hit)
The blast of sand hits Maggie but does no damage.
Maggie is lightly wounded.
Casting: Sandblast (safe; 1% risk of failure)
Confirm with . or Enter, or press ? or * to list all spells.
Aiming: Sandblast (safe; 1% risk of failure)
Press: ? - help, Shift-Dir - straight line, f/p - Maggie
Aim: Maggie, wielding a +0 scimitar and wearing +0 steam dragon scales (lightly wounded, 83% to hit)
The blast of sand misses Maggie.
Maggie hits you with a +0 scimitar!
You die...
Your body crumbles into a pile of gold.

.......# #..............#
).....## #..............#
.#...########
#..............#
##..........#
##............##
#######.##[#####...........#
#...# ..####..###.#...
#######.8.# ..###..# .....
#.....#...# #@##...# #.
#....###.### #@##...#
#...<#.....# #.?....#
#..<.#.....# ###....#
#....#.(>..# #.....)..
#....#.....# #.....###
#....#.....# ......#
#....###.### .......#
#.....#...# (........
####.##.8.# ...!....#.


You could see Maggie.

Vanquished Creatures
  A sky beast (D:6)
  A necrophage (D:5)
  2 bullfrogs
  A water moccasin skeleton (D:4)
  2 centaur zombies (D:5)
  A hound (D:5)
  2 orc priests (D:4)
  An orc wizard (D:4)
  3 iguanas
  A hound skeleton (D:5)
  A howler monkey zombie (D:6)
  6 adders
  A white imp (D:5)
  An ufetubus (D:6)
  2 dart slugs (D:3)
  11 orcs
  6 endoplasms
  6 giant cockroaches
  4 goblins
  8 hobgoblins
  10 jackals
  4 kobolds
  6 quokkas
  7 ball pythons
  9 bats
  2 frilled lizards
  8 rats
107 creatures vanquished.

Vanquished Creatures (others)
  13 plants
13 creatures vanquished.

Grand Total: 120 creatures vanquished

Notes
Turn   | Place    | Note
-------+----------+-------------------------------------------
     0 | D:1      | tardwrangler69 the Octopode Earth Elementalist began the
                  | quest for the Orb.
     0 | D:1      | Reached XP level 1. HP: 11/11 MP: 3/3
   267 | D:1      | Reached XP level 2. HP: 17/17 MP: 0/5
  1059 | D:1      | Reached XP level 3. HP: 19/21 MP: 6/6
  1831 | D:2      | Reached skill level 4 in Earth Magic
  2071 | D:2      | Found Ukheis's General Store.
  2090 | D:2      | Found a faded altar of an unknown god.
  2774 | D:3      | Reached XP level 4. HP: 23/27 MP: 6/8
  3889 | D:4      | Found Lusm's Lightly-Used Armoury.
  3905 | D:4      | Found a burning altar of Makhleb.
  3952 | D:4      | Reached skill level 5 in Earth Magic
  3952 | D:4      | Reached XP level 5. HP: 18/31 MP: 6/9
  4420 | D:4      | Reached XP level 6. HP: 24/36 MP: 5/11
  4742 | D:4      | Reached skill level 6 in Earth Magic
  5212 | D:5      | Entered Level 5 of the Dungeon
  5293 | D:5      | Noticed a necrophage
  5617 | D:5      | Reached XP level 7. HP: 30/41 MP: 7/13
  5733 | D:5      | Reached skill level 7 in Earth Magic
  6035 | D:5      | Identified the +6 long sword "Eviscerator" {protect, +Rage
                  | rPois Str-4 Int+4}
  6689 | D:6      | Found a staircase to the Ecumenical Temple.
  6701 | Temple   | Entered the Ecumenical Temple
  6841 | Temple   | Became a worshipper of Gozag Ym Sagoz the Greedy
  6981 | D:6      | Noticed Maggie
  6986 | D:6      | Slain by Maggie

Illustrated notes

Levels and vault maps discovered:
D:1:      nicolae_arrival_somewhat_less_tricky_arrival, layout_basic,
          serial_forest, infiniplex_forest_clump_tiny,
          infiniplex_forest_lined_ring, infiniplex_forest_end_1,
          infiniplex_forest_clump_long, infiniplex_forest_lined_room_2,
          infiniplex_forest_lined_2, infiniplex_forest_clump_long,
          infiniplex_forest_3_way, minmay_small_reverse_x
D:2:      layout_loops_ring, shapermc_ecumenical_altar_starsandcircs,
          serial_shops, shop
D:3:      layout_loops_corners, minmay_misc_feat_x, serial_bayou_pond_a
D:4:      layout_loops_ring, nicolae_overflow_hidden_temple, minmay_shop_damaged
D:5:      layout_basic, serial_bayou_pond_c, hangedman_abyss_or_decor_slice
D:6:      layout_rooms, minmay_temple_entry_antechambers,
          minmay_fractal_squares_5, uniq_maggie
Temple:   compressed_dpeg_circular_temple

Skill      XL: |  1  2  3  4  5  6  7 |
---------------+----------------------+-----
Earth Magic    | 4 5 6 7 |  7.6
Spellcasting   | 3 4 |  4.8
Dodging        | |  2.0
Stealth        | |  2.6
Transmutations | |  1.0

Action                   |  1- 3 |  4- 6 |  7- 9 || total
-------------------------+-------+-------+-------++-------
Melee: Unarmed           |    58 |       |       ||    58
       Constrict         |    17 |    13 |     4 ||    34
       Tentacles         |     7 |     5 |     3 ||    15
       Dagger            |     6 |    48 |       ||    54
       Long sword        |       |       |    21 ||    21
 Cast: Sandblast         |    37 |    48 |    26 ||   111
 Stab: Sleeping          |     5 |     9 |     1 ||    15
Armor: Skin              |    12 |     1 |     6 ||    19
Dodge: Dodged            |    62 |    52 |    24 ||   138
       Rpst.: Long sword |       |       |     3 ||     3

Table legend: (Time is in decaauts)
 A = Elapsed time spent in this place.
 B = Non-inter-level travel time spent in this place.
 C = Inter-level travel time spent in this place.
 D = Time resting spent in this place.
 E = Time spent auto-exploring this place.
 F = Levels seen in this place.
 G = Mean time per level.
                   A        B        C        D        E       F      G
               +--------+--------+--------+--------+--------+-----+--------+
         Total |   6993 |   6721 |    272 |      0 |   6044 |   7 |  999.0 |
       Dungeon |   6843 |   6594 |    249 |      0 |   5919 |   6 | 1140.5 |
        Temple |    149 |    126 |     23 |      0 |    125 |   1 |  149.0 |
               +--------+--------+--------+--------+--------+-----+--------+

Top non-repeatable levels by time:
     D:1: 1676 daAuts
     D:4: 1587 daAuts
     D:3: 1164 daAuts
     D:2: 1043 daAuts
     D:5: 1023 daAuts
     D:6: 348 daAuts
  Temple: 149 daAuts
